 Dungeon Crawl Stone Soup version 0.21-a0-404-g291f19a (webtiles) character file.

175 BigZZ40 the Cudgeler (level 5, -7/32 HPs)
             Began as a Gargoyle Berserker on Oct 28, 2017.
             Was a Priest of Trog.
             Mangled by an ogre
             ... wielding a +0 giant club
              (9 damage)
             ... on level 3 of the Dungeon.
             The game lasted 00:13:41 (2856 turns).

BigZZ40 the Cudgeler (Gargoyle Berserker)           Turns: 2856, Time: 00:13:42

Health: -7/32      AC: 15    Str: 21    XL:     5   Next: 55%
Magic:  5/5        EV:  8    Int:  8    God:    Trog [***...]
Gold:   95         SH:  0    Dex:  9    Spells: 4/4 levels left

rFire    x . .     SeeInvis .   a - +0 mace
rCold    + + .     Gourm    .   (no shield)
rNeg     + . .     Faith    +   j - +3 chain mail
rPois    ∞         Spirit   .   (no helmet)
rElec    +         Reflect  .   (no cloak)
rCorr    .         Harm     .   (no gloves)
MR       .....                  (no boots)
Stlth    ..........             n - amulet of faith
HPRegen  0.10/turn              s - ring of protection from cold
MPRegen  0.09/turn              y - ring of ice

@: berserk cooldown, slowed, very slow
A: negative energy resistance 1, electricity resistance, unbreathing,
petrification resistance, rot immunity, AC +4
a: Berserk, Trog's Hand, Burn Spellbooks, Renounce Religion


You were on level 3 of the Dungeon.
You worshipped Trog.
Trog was most pleased with you.
You were hungry.

You visited 1 branch of the dungeon, and saw 4 of its levels.

You collected 95 gold pieces.

Inventory:

Hand Weapons
 a - a +0 mace (weapon)
Missiles
 q - 152 stones (quivered)
Armour
 b - a +0 animal skin
 j - a +3 chain mail (worn)
Jewellery
 n - an amulet of faith (around neck)
 s - a ring of protection from cold (left hand)
 y - a ring of ice (right hand)
Wands
 t - a wand of iceblast (10/15)
Scrolls
 o - 2 scrolls of remove curse
 u - 2 scrolls of teleportation
Potions
 k - a potion of haste {unknown}
 p - a potion of curing {unknown}
 v - a potion of agility {unknown}
 x - a potion of brilliance {unknown}
Comestibles
 c - 2 bread rations
 f - 2 meat rations
 h - 3 fruits
 w - a royal jelly


   Skills:
 - Level 3.4 Fighting
 + Level 6.0 Maces & Flails
 - Level 2.2 Armour
 - Level 1.6 Dodging


You had 4 spell levels left.
You didn't know any spells.

Dungeon Overview and Level Annotations

Branches:
Dungeon (4/15)
 Temple: D:4-7

Altars:
Uskayaw
Vehumet
Wu Jian


Innate Abilities, Weirdness & Mutations

You are resistant to torment.
Your stone body is resilient. (AC +4)
You are immune to poison.
You resist negative energy. (rN+)
You are resistant to electric shocks. (rElec)
You can survive without breathing.
You are immune to petrification.
You are immune to rotting.


Message History

The orc hits you but does no damage.
You climb upwards.
You are no longer berserk.
You are exhausted.
You feel yourself slow down.
There is a stone staircase leading down here.
Okay, then.
The orc hits you with a hand axe.
* * * LOW HITPOINT WARNING * * *
The ogre completely misses you. The orc hits you but does no damage.
Your magical contamination has completely faded away.
The ogre hits you with a giant club.
* * * LOW HITPOINT WARNING * * *
The orc hits you but does no damage. The ogre barely misses you.
You closely miss the ogre.
The ogre is heavily wounded.
The ogre hits you with a giant club!
You die...

############
#..........#
#.########.#####
#.# #.....# #.#
#.....### #@#
#.....+..
#O########.....###
#.o.....>.........
#..#..............
#..##.......######
##..#####.##.#
#.......#.#########
#.............##...
#.........###.##.##


You could see an ogre and an orc.

Vanquished Creatures
  Ijyb (D:3)
  Robin (D:3)
  3 adders (D:3)
  2 oozes
  2 worms (D:2)
  2 dart slugs (D:1)
  A leopard gecko (D:1)
  7 orcs
  3 giant cockroaches
  20 goblins
  8 hobgoblins
  A ball python (D:2)
  10 bats
  6 frilled lizards
  8 kobolds
  9 rats
84 creatures vanquished.

Notes
Turn   | Place    | Note
-------+----------+-------------------------------------------
     0 | D:1      | BigZZ40 the Gargoyle Berserker began the quest for the Orb.
     0 | D:1      | Reached XP level 1. HP: 14/14 MP: 1/1
    67 | D:1      | Reached XP level 2. HP: 19/19 MP: 2/2
   388 | D:1      | Reached skill level 4 in Maces & Flails
   388 | D:1      | Reached XP level 3. HP: 20/23 MP: 3/3
   428 | D:1      | Reached ** piety under Trog
  1137 | D:2      | Reached XP level 4. HP: 28/28 MP: 4/4
  1405 | D:2      | Found a radiant altar of Vehumet.
  1405 | D:2      | Found an ornate altar of the Wu Jian Council.
  1808 | D:3      | Reached skill level 5 in Maces & Flails
  1936 | D:3      | Noticed Ijyb
  1950 | D:3      | Killed Ijyb
  2162 | D:3      | Reached XP level 5. HP: 32/32 MP: 5/5
  2243 | D:3      | Found a hide-covered altar of Uskayaw.
  2503 | D:3      | Noticed Robin
  2511 | D:3      | Killed Robin
  2525 | D:3      | Reached *** piety under Trog
  2834 | D:4      | Noticed an ogre
  2838 | D:4      | Reached skill level 6 in Maces & Flails
  2851 | D:3      | HP: 1/32 [ogre/giant club (2)]
  2856 | D:3      | Mangled by an ogre

Vault maps used:
D:1:      dpeg_arrival_short_road, minmay_vboxes
D:2:      kennysheep_big_flooded_room, gammafunk_temple_overflow_elements,
          first_bread
D:3:      lemuel_doored_altar, uniq_robin, uniq_ijyb
D:4:      cheibrodos_helix_gallery, old_standard_altar,
          nicolae_overflow_crystal_walls, temple_pool_b

Skill      XL: |  1  2  3  4  5 |
---------------+----------------+-----
Maces & Flails | 4 5 6 |  6.0
Fighting       | |  3.4
Armour         | |  2.2
Dodging        | |  1.6

Action                   |  1- 3 |  4- 6 || total
-------------------------+-------+-------++-------
Melee: Mace              |   116 |   168 ||   284
Throw: Stone             |       |    21 ||    21
Invok: Berserk           |       |     4 ||     4
       Trog's Hand       |       |     1 ||     1
  Use: Scroll            |       |    10 ||    10
  Eat: Chunk             |     1 |     5 ||     6
       Bread ration      |       |     1 ||     1
Armor: Animal skin       |    18 |       ||    18
       Chain mail        |    55 |   135 ||   190
Dodge: Dodged            |    71 |   104 ||   175

Table legend:
 A = Spawn XP
 B = Non-spawn XP
 C = Spawn XP percentage of total XP
 D = Spawn monster count
 E = Non-spawn monster count
 F = Spawn count percentage of total count
 G = Total turns spent on level
                    A         B        C        D         E        F      G
               +---------+---------+-------+---------+---------+-------+---------
         Total |       0 |     250 |   0.0 |       0 |      84 |   0.0 |  2856
               +---------+---------+-------+---------+---------+-------+---------
           D:1 |       0 |      50 |   0.0 |       0 |      26 |   0.0 |   795
           D:2 |       0 |      41 |   0.0 |       0 |      19 |   0.0 |  1018
           D:3 |       0 |     147 |   0.0 |       0 |      35 |   0.0 |  1021
           D:4 |       0 |      12 |   0.0 |       0 |       4 |   0.0 |    22
               +---------+---------+-------+---------+---------+-------+---------
